 Dungeon Crawl Stone Soup version 0.29-a0-813-g4a14ea37d6 (webtiles) character file.

Game seed: 9745241092153467576

74 gobodom the Spear-Bearer (level 4, -2/38 HPs)
             Began as a Gnoll Wanderer on July 4, 2022.
             Slain by Robin
             ... wielding a +4 whip of electrocution
              (20 damage)
             ... on level 3 of the Dungeon.
             The game lasted 00:06:27 (2273 turns).

gobodom the Spear-Bearer (Gnoll Wanderer)           Turns: 2273, Time: 00:06:31

Health: -2/38      AC:  3    Str: 12    XL:     4   Next: 28%
Magic:  5/5        EV: 14    Int: 11    God:
Gold:   45         SH:  0    Dex: 13    Spells: 5/5 levels left

rFire   . . .      SeeInvis .   a - +1 spear
rCold   . . .      Faith    .   (no shield)
rNeg    . . .      Spirit   .   c - +0 leather armour
rPois   .          Reflect  .   (no helmet)
rElec   .          Harm     .   (no cloak)
rCorr   .          Rampage  .   (no gloves)
Will    .....                   (no boots)
Stlth   +.........              (no amulet)
HPRegen 0.12/turn               (no ring)
MPRegen 0.09/turn               (no ring)

@: no status effects
A: fangs 1, strong nose, distributed training
a: no special abilities


You were on level 3 of the Dungeon.
You visited 1 branch of the dungeon, and saw 3 of its levels.

You collected 45 gold pieces.

Inventory:

Hand Weapons
 a - a +1 spear (weapon)
 o - the +5 sling "Xawasoco" {venom, rPois Will+++ Int-3 Dex-4}
   (You found it on level 2 of the Dungeon)

   Any ammunition fired from it poisons the flesh of those it strikes.
   Int:       It affects your intelligence (-3).
   Dex:       It affects your dexterity (-4).
   rPois:     It protects you from poison.
   Will:      It greatly increases your willpower.
Missiles
 g - 5 atropa-tipped darts (quivered)
 k - 3 poisoned darts
Armour
 c - a +0 leather armour (worn)
Jewellery
 h - a ring of fire
 n - a ring of flight
Scrolls
 b - a scroll of torment {unknown}
 e - a scroll of teleportation {unknown}
 j - 4 scrolls of identify {unknown}
 m - a scroll of enchant weapon {unknown}
Potions
 d - a potion of attraction
 f - 2 potions of brilliance {unknown}
 i - a potion of lignification {unknown}
 l - a potion of curing {unknown}
 p - a potion of flight {unknown}


   Skills:
 + Level 4.6 Fighting
 + Level 1.1 Short Blades
 + Level 1.1 Long Blades
 + Level 1.1 Axes
 + Level 1.1 Maces & Flails
 + Level 10.4 Polearms
 + Level 1.1 Staves
 + Level 1.1 Ranged Weapons
 + Level 1.1 Throwing
 + Level 1.1 Armour
 + Level 6.6 Dodging
 + Level 1.1 Stealth
 + Level 1.1 Shields
 + Level 1.1 Unarmed Combat
 + Level 1.1 Spellcasting
 + Level 0.9 Conjurations
 + Level 0.9 Hexes
 + Level 0.9 Summonings
 + Level 0.9 Necromancy
 + Level 0.9 Translocations
 + Level 0.9 Transmutations
 + Level 0.9 Fire Magic
 + Level 0.9 Ice Magic
 + Level 0.9 Air Magic
 + Level 0.9 Earth Magic
 + Level 0.9 Poison Magic
 + Level 1.2 Invocations
 + Level 1.1 Evocations


You had 5 spell levels left.
You didn't know any spells.
Your spell library contained the following spells:

 Spells                   Type           Power      Damage    Failure   Level
 Magic Dart               Conj           8%         1d3       28%         1
 Summon Small Mammal      Summ           8%         N/A       28%         1
 Searing Ray              Conj           4%         2d4       38%         2
 Call Canine Familiar     Summ           2%         N/A       63%         3
 Stone Arrow              Conj/Erth      4%         3d7       63%         3
 Summon Guardian Golem    Hex/Summ       2%         N/A       63%         3
 Animate Armour           Summ/Erth      4%         N/A       95%         4
 Fulminant Prism          Conj/Hex       1%         3d6       95%         4
 Lehudib's Crystal Spear  Conj/Erth      1%         10d2      100%        8


Dungeon Overview and Level Annotations

Branches:
Dungeon (3/15)

Altars:

Annotations:
D:3 Robin


Innate Abilities, Weirdness & Mutations

You have very sharp teeth.
Your uncanny sense of smell can sniff out nearby items.
Your experience applies equally to all skills.


Message History

The goblin goes into a battle-frenzy!
You hear a shout!
You see here a +0 dagger.
You barely miss the goblin. The goblin hits you but does no damage.
You puncture the goblin!
You kill the goblin!
A hobgoblin comes into view.
Things that are here:
a +0 dagger; a goblin corpse The hobgoblin shouts!
You hear a shout!
A goblin comes into view. It is wielding a +0 club.
You see here a +0 dagger.
You hit Robin.
Robin is moderately wounded.
Robin hits you with a +4 whip of electrocution.
A hobgoblin comes into view.
You hit Robin. You bite Robin, but do no damage.
Robin is moderately wounded.
You barely miss Robin.
Robin is moderately wounded.
A goblin comes into view. It is wielding a +0 club.
Robin zaps a wand.
The puff of flame hits you!
You hit Robin.
Robin is heavily wounded.
A hobgoblin comes into view.
Robin says, "Bow before me, strongest of all the hobgoblins!"
Robin roars a battlecry!
The hobgoblin shouts!
You hear a shout!
You hit Robin.
Robin is severely wounded.
You hit Robin but do no damage.
Robin is severely wounded.
A goblin comes into view. It is wielding a +0 club. x3
The goblin unwields a +0 club.
The goblin wields a +0 sling.
The goblin shoots a sling bullet.
The sling bullet closely misses you. The hobgoblin hits you.
Robin hits you with a +4 whip of electrocution.
You are electrocuted!!
Ouch! That really hurt!
You die...

#.)................... ∆
#........###+###......
#......g.##..g........ ∆ #.....
..#..................g......#...#
#.###.....†....g.g...###..#.... #
#......#.#.g@ggg........#.#.#
#......#.##)#...........# .#
#......#.##.#.#<.........# #
......#......#.#......#.......
######...#######.###..........
+... ∆ #.. #.......... .. #..
........... ####.#..$......
#..#########


You could see Robin, 4 hobgoblins and 5 goblins.

Vanquished Creatures
  An adder (D:2)
  A worm (D:2)
  2 dart slugs
  An orc (D:3)
  7 ball pythons
  5 bats
  5 endoplasms
  2 giant cockroaches
  7 goblins
  7 hobgoblins
  2 quokkas
  4 frilled lizards
  5 kobolds
  2 rats
51 creatures vanquished.

Notes
Turn   | Place    | Note
-------+----------+-------------------------------------------
     0 | D:1      | Reached skill level 10 in Polearms
     0 | D:1      | gobodom the Gnoll Wanderer began the quest for the Orb.
     0 | D:1      | gobodom set off with the following items: a +1 spear, 3
                  | throwing nets, a +0 leather armour, a potion of attraction.
     0 | D:1      | Reached XP level 1. HP: 20/20 MP: 1/1
   132 | D:1      | Found a faded altar of an unknown god.
   220 | D:1      | Reached XP level 2. HP: 21/26 MP: 2/2
   835 | D:1      | Reached XP level 3. HP: 30/31 MP: 3/3
  1195 | D:2      | Reached skill level 1 in Invocations
  1309 | D:2      | Reached skill level 1 in Short Blades
  1309 | D:2      | Reached skill level 1 in Long Blades
  1309 | D:2      | Reached skill level 1 in Axes
  1309 | D:2      | Reached skill level 1 in Maces & Flails
  1309 | D:2      | Reached skill level 1 in Staves
  1309 | D:2      | Reached skill level 1 in Ranged Weapons
  1309 | D:2      | Reached skill level 1 in Throwing
  1309 | D:2      | Reached skill level 1 in Armour
  1309 | D:2      | Reached skill level 1 in Stealth
  1309 | D:2      | Reached skill level 1 in Shields
  1309 | D:2      | Reached skill level 1 in Unarmed Combat
  1309 | D:2      | Reached skill level 1 in Spellcasting
  1309 | D:2      | Reached skill level 1 in Evocations
  1660 | D:2      | Reached XP level 4. HP: 33/38 MP: 5/5
  1751 | D:2      | Identified the +5 sling "Xawasoco" {venom, rPois Will+++
                  | Int-3 Dex-4}
  2243 | D:3      | Noticed Robin
  2273 | D:3      | Slain by Robin

Illustrated notes

Levels and vault maps discovered:
D:1:      erik_arrival_triangle_medium, layout_loops_ring,
          shapermc_ecumenical_altar_totnotflames
D:2:      layout_loops_ring, st_stairs_2
D:3:      layout_basic, minmay_snake_closets, uniq_robin

Skill      XL: |  1  2  3 |
---------------+----------+-----
Polearms       | | 10.4
Invocations    | 1 |  1.2
Short Blades   | 1 |  1.1
Long Blades    | 1 |  1.1
Axes           | 1 |  1.1
Maces & Flails | 1 |  1.1
Staves         | 1 |  1.1
Ranged Weapons | 1 |  1.1
Throwing       | 1 |  1.1
Armour         | 1 |  1.1
Stealth        | 1 |  1.1
Shields        | 1 |  1.1
Unarmed Combat | 1 |  1.1
Spellcasting   | 1 |  1.1
Evocations     | 1 |  1.1
Fighting       | |  4.6
Dodging        | |  6.6
Conjurations   | |  0.9
Hexes          | |  0.9
Summonings     | |  0.9
Necromancy     | |  0.9
Translocations | |  0.9
Transmutations | |  0.9
Fire Magic     | |  0.9
Ice Magic      | |  0.9
Air Magic      | |  0.9
Earth Magic    | |  0.9
Poison Magic   | |  0.9

Action                   |  1- 3 |  4- 6 || total
-------------------------+-------+-------++-------
Melee: Spear             |   106 |    41 ||   147
       Bite              |    14 |     7 ||    21
Throw: Throwing net      |    10 |       ||    10
       Dart              |     3 |    10 ||    13
 Stab: Invisible         |     1 |     2 ||     3
Armor: Leather armour    |    24 |     6 ||    30
Dodge: Dodged            |    50 |    22 ||    72

Table legend: (Time is in decaauts)
 A = Elapsed time spent in this place.
 B = Non-inter-level travel time spent in this place.
 C = Inter-level travel time spent in this place.
 D = Time resting spent in this place.
 E = Time spent auto-exploring this place.
 F = Levels seen in this place.
 G = Mean time per level.
                   A        B        C        D        E       F      G
               +--------+--------+--------+--------+--------+-----+--------+
         Total |   2210 |   2151 |     59 |      0 |   1720 |   3 |  736.7 |
       Dungeon |   2210 |   2151 |     59 |      0 |   1720 |   3 |  736.7 |
               +--------+--------+--------+--------+--------+-----+--------+

Top non-repeatable levels by time:
     D:2: 1078 daAuts
     D:1: 1010 daAuts
     D:3: 121 daAuts
